 Dungeon Crawl Stone Soup version 0.22.0-32-gbc6daba (webtiles) character file.

69 Monsterracer the Ruffian (level 4, 0/40 HPs)
             Began as a Centaur Chaos Knight on Aug 24, 2018.
             Succumbed to poison (poison gas)
             ... on level 2 of the Dungeon.
             The game lasted 00:02:02 (1971 turns).

Monsterracer the Ruffian (Centaur Chaos Knight)     Turns: 1971, Time: 00:02:03

Health: 0/40       AC:  9    Str: 14 (15) XL:     4   Next: 2%
Magic:  4/4        EV:  9    Int: 11 (14) God:    Xom [..*...]
Gold:   185        SH:  0    Dex:  8 (9)  Spells: 3/3 levels left

rFire    . . .     SeeInvis .     - Unarmed
rCold    . . .     Gourm    .   (no shield)
rNeg     . . .     Faith    .   a - +2 leather armour
rPois    .         Spirit   .   i - +2 helmet
rElec    .         Reflect  .   (no cloak)
rCorr    .         Harm     .   (no gloves)
MR       .....                  (no barding)
Stlth    +.........             (no amulet)
HPRegen  0.13/turn              h - ring of stealth
MPRegen  0.09/turn              j - +3 ring of intelligence

@: lethally poisoned (0 -> -12), very quick
A: large, hooves 3, deformed body, speed 2, tough skin 3
a: Renounce Religion


You were on level 2 of the Dungeon.
You worshipped Xom.
You were a toy of Xom.
You were not hungry.

You visited 1 branch of the dungeon, and saw 2 of its levels.

You collected 185 gold pieces.

Inventory:

Armour
 a - a +2 leather armour (worn)
 i - a +2 helmet (worn)
 m - a +0 buckler
Jewellery
 h - a ring of stealth (left hand)
 j - a +3 ring of intelligence (right hand)
Scrolls
 b - 4 scrolls of remove curse
 e - 4 scrolls of identify
 g - a scroll of teleportation {!r}
Comestibles
 c - 5 rations


   Skills:
 + Level 3.6 Fighting
 - Level 1.3 Armour
 - Level 0.6 Dodging
 + Level 0.0 Shields
 * Level 4.4 Unarmed Combat


You had 3 spell levels left.
You didn't know any spells.
Your spell library was empty.

Dungeon Overview and Level Annotations

Branches:
Dungeon (2/15)

Altars:


Innate Abilities, Weirdness & Mutations

You have hooves in place of feet.
Armour fits poorly on your strangely shaped body.
You cover ground very quickly.
You have extremely tough skin. (AC +3)


Message History

A bat is nearby!
You hit the bat.
You kill the bat!
No target in view!
You now have 166 gold pieces (gained 11).
You now have 175 gold pieces (gained 9).
You see here a robe.
You now have 185 gold pieces (gained 10).
Key pressed, stopping explore.
No target in view!
Health restored: 40
Found a spear.
No target in view!
You see here a spear.
You hear Xom's maniacal laughter.
Venomous gases pour from your nose!
No target in view!
You're standing in a cloud of poison gas!
No target in view!
No target in view!
You're standing in a cloud of poison gas!
You are engulfed in poison gas.
You are poisoned.
You feel sick.
You take 6 damage, and have 34/40 hp.
You are engulfed in poison gas.
You are more poisoned.
You feel sick.
You are now a toy of Xom.
You take 2 damage, and have 32/40 hp.
You are engulfed in poison gas.
You are lethally poisoned!
You feel very sick.
You take 3 damage, and have 29/40 hp.
You feel sick.
You take 2 damage, and have 27/40 hp.
It was a potion of magic.
Magic courses through your body.
You feel very sick.
You take 3 damage, and have 24/40 hp.
It was a potion of degeneration.
There was something very wrong with that liquid.
You feel weakened.
You feel dopey.
You feel clumsy.
Xom is mildly amused.
You feel very sick.
You take 2 damage, and have 22/40 hp.
* * * LOW HITPOINT WARNING * * *
You feel sick.
You take 2 damage, and have 20/40 hp.
* * * LOW HITPOINT WARNING * * *
You feel sick.
You take 1 damage, and have 19/40 hp.
As you read the scroll labeled WYECEGUWKA, it crumbles to dust.
It is a scroll of identify.
b - 4 scrolls of remove curse
* * * LOW HITPOINT WARNING * * *
You feel very sick.
You take 3 damage, and have 16/40 hp.
As you read the scroll labeled XOINEIS OHOAP, it crumbles to dust.
The scroll dissolves into smoke.
It was a scroll of fog.
* * * LOW HITPOINT WARNING * * *
You feel sick.
You take 2 damage, and have 14/40 hp.
As you read the scroll labeled BIOSHR INETYOBA, it crumbles to dust.
You feel strangely unstable.
It was a scroll of teleportation.
* * * LOW HITPOINT WARNING * * *
You feel sick.
You take 2 damage, and have 12/40 hp.
* * * LOW HITPOINT WARNING * * *
You feel sick.
You take 2 damage, and have 10/40 hp.
* * * LOW HITPOINT WARNING * * *
You feel sick.
You take 1 damage, and have 9/40 hp.
Your surroundings suddenly seem different.
* * * LOW HITPOINT WARNING * * *
You feel sick.
You take 1 damage, and have 8/40 hp.
* * * LOW HITPOINT WARNING * * *
You feel sick.
* * * LOW HITPOINT WARNING * * *
You feel sick.
You take 1 damage, and have 7/40 hp.
* * * LOW HITPOINT WARNING * * *
You feel sick.
You take 2 damage, and have 5/40 hp.
* * * LOW HITPOINT WARNING * * *
You feel sick.
You take 1 damage, and have 4/40 hp.
* * * LOW HITPOINT WARNING * * *
You feel sick.
You take 1 damage, and have 3/40 hp.
* * * LOW HITPOINT WARNING * * *
You feel sick.
You take 1 damage, and have 2/40 hp.
Unknown command.
* * * LOW HITPOINT WARNING * * *
You feel sick.
You take 1 damage, and have 1/40 hp.
You die...
Xom cackles wildly!

# ##### ###.#.# #. ## #...#######
#.#.# #. .# #.#.......# #.#.# #.
.#########...#####.# #.#.## #.
.....[......## #.# #....# #.
....<......## #.# ###..#
######.#.#.# #.# #..#
...........# ####.# #..#
######.#.#.####.@..#####..# #
#.....#..............# #
###.#.#.##.########..## #
#.#.#.##.# ##...## #
####)#.#<##.#######)..#.##
#####.........#......#.#..##.####
)................###.............
..##...#.........# #.#.#.###.###.
...........#.....###......#.## ##


There were no monsters in sight!

Vanquished Creatures
  2 adders (D:2)
  A worm (D:2)
  A dart slug (D:2)
  A leopard gecko (D:2)
  5 bats
  5 goblins
  9 hobgoblins
  3 jackals (D:1)
  5 kobolds
  A quokka (D:2)
  4 frilled lizards
  6 rats
43 creatures vanquished.

Notes
Turn   | Place    | Note
-------+----------+-------------------------------------------
     0 | D:1      | Monsterracer the Centaur Chaos Knight began the quest for the Orb.
     0 | D:1      | Reached XP level 1. HP: 19/19 MP: 1/1
   189 | D:1      | Reached XP level 2. HP: 26/26 MP: 2/2
   490 | D:1      | XOM: silly message
   504 | D:1      | XOM: silly message
  1106 | D:2      | HP: 13/26 [hobgoblin/club (5)]
  1171 | D:2      | XOM: noise
  1308 | D:2      | Reached XP level 3. HP: 31/31 MP: 3/3
  1335 | D:2      | Reached skill level 4 in Unarmed Combat
  1521 | D:2      | XOM: mild Tmut miscast
  1825 | D:2      | Reached XP level 4. HP: 40/40 MP: 4/4
  1948 | D:2      | XOM: medium Air miscast
  1955 | D:2      | HP: 20/40 [poison (poison gas)]
  1960 | D:2      | HP: 10/40 [poison (poison gas)]
  1965 | D:2      | HP: 5/40 [poison (poison gas)]
  1968 | D:2      | HP: 2/40 [poison (poison gas)]
  1971 | D:2      | Succumbed to poison (poison gas)

Skill      XL: |  1  2  3 |
---------------+----------+-----
Unarmed Combat | 4 |  4.4
Fighting       | |  3.6
Armour         | |  1.3
Dodging        | |  0.6

Action                   |  1- 3 |  4- 6 || total
-------------------------+-------+-------++-------
Melee: Unarmed           |   143 |     6 ||   149
       Kick              |    16 |     1 ||    17
       Punch             |     1 |       ||     1
  Use: Scroll            |       |     3 ||     3
       Potion            |       |     2 ||     2
 Stab: Sleeping          |     1 |       ||     1
  Eat: Chunk             |     2 |       ||     2
Armor: Leather armour    |    59 |     4 ||    63
Dodge: Dodged            |    70 |     2 ||    72

Vault maps used:
D:1:      sevenhm_arrival_forest_fort_small_6, minmay_surrounded
